 Dungeon Crawl Stone Soup version 0.30.0-15-g856e2d3f33 (console) character file.

Game seed: 13644144235442654824

110635 Banquo the Eclecticist (level 17, 0/137 HPs)
             Began as a Djinni Air Elementalist on May 16, 2023.
             Was an Elder of Ashenzari.
             Constricted to death by a naga (8 damage)
             ... on level 1 of the Snake Pit on May 17, 2023.
             The game lasted 02:49:41 (34818 turns).

Banquo the Eclecticist (Djinni Air Elementalist)   Turns: 34818, Time: 02:49:47

Health: 0/137      AC: 10    Str:  7    XL:     17   Next: 10%
Gold:   527        EV: 11    Int: 35    God:    Ashenzari [****..] SH: 12 Dex: 12

rFire   + + +        R - +5 dagger {vamp, *Corrode rElec Int+4}
rCold   + + .        i - +0 kite shield "Elysian Asceticism" {Cun, Self} (curse)
rNeg    + . .        d - +4 skin of Zhor {*Englaciate rC+++ SInv, Self, Melee} (curse)
rPois   ∞            h - +0 helmet of Ashenzari's Hedonism {Self, Range} (curse)
rElec   +            e - +0 cloak
rCorr   .            g - +3 pair of gloves of Ashenzari's Soothsayer {rF+++ rN+ Int+6 Dex-2, Self, Cun} (curse)
SInv    +            (boots unavailable)
Will    ++...        c - amulet of Vitality {RegenMP++ Regen++, Self, Fort} (curse)
Stlth   ++           q - ring "Thunder Perfect Mind" {Wiz, Self, Fort} (curse)
HPRegen 2.02/turn    u - ring of willpower
MPRegen 0.00/turn

%: corrode self (3%), clarity, wizardry (x1), infuse magic (-1 HP)
@: about to teleport, corroded, flying, constricted
A: sickness immunity, fire resistance 2, cold vulnerability 1, float, innate
caster, HP casting, extra vitality 1
a: Renounce Religion, Shatter the Chains


You were on level 1 of the Snake Pit.
You worshipped Ashenzari.
Ashenzari was greatly pleased with you.
You visited 5 branches of the dungeon, and saw 24 of its levels.
You also visited: Sewer, Ossuary and Ice Cave.

You collected 2402 gold pieces.
You spent 1875 gold pieces at shops.

Inventory:

Hand Weapons
 a - the +7 scimitar of the Lusting Lamprey {speed, rC+}
   (You found it in a sewer)

   rC:        It protects you from cold.
 b - the +7 Throatcutter {drain, coup de grace}
   (You found it on level 4 of the Dungeon)
 n - a +3 scimitar of flaming
 z - the +9 dagger of Peischiow {flame, rC+ rCorr Str+3 Int+3}
   (You found it on level 5 of the Lair of Beasts)

   Str:       It affects your strength (+3).
   Int:       It affects your intelligence (+3).
   rC:        It protects you from cold.
   rCorr:     It protects you from acid and corrosion.
 R - the +5 dagger of Gallantry (weapon) {vamp, *Corrode rElec Int+4}
   (You found it on level 11 of the Dungeon)

   Int:       It affects your intelligence (+4).
   rElec:     It insulates you from electricity.
   *Corrode:  It may corrode you when you take damage.
Missiles
 j - 30 boomerangs
 r - a throwing net
Armour
 d - the cursed +4 skin of Zhor (worn) {*Englaciate rC+++ SInv, Self, Melee}
   (You found it in an ice cave)

   *Englaciate: It radiates cold, occasionally slowing all nearby creatures who
   are not resistant to cold.
   rC:        It renders you almost immune to cold.
   SInv:      It lets you see invisible.
   It has a curse which improves the following skills: Introspection: Fighting
   and Spellcasting.
   Melee Combat: Short Blades, Long Blades, Axes, Maces & Flails, Polearms,
   Staves and Unarmed Combat.
 e - a +0 cloak (worn)
 g - the cursed +3 pair of gloves of Ashenzari's Soothsayer (worn) {rF+++ rN+ Int+6 Dex-2, Self, Cun}
   (You found it on level 11 of the Dungeon)

   Int:       It affects your intelligence (+6).
   Dex:       It affects your dexterity (-2).
   rF:        It renders you almost immune to fire.
   rN:        It protects you from negative energy.
   It has a curse which improves the following skills: Introspection: Fighting
   and Spellcasting.
   Cunning:   Dodging and Stealth.
 h - the cursed +0 helmet of Ashenzari's Hedonism (worn) {Self, Range}
   (You found it on level 5 of the Dungeon)

   It has a curse which improves the following skills: Introspection: Fighting
   and Spellcasting.
   Ranged Combat: Ranged Weapons and Throwing.
 i - the cursed +0 kite shield "Elysian Asceticism" (worn) {Cun, Self}
   (You found it on level 8 of the Dungeon)

   It has a curse which improves the following skills: Cunning: Dodging and
   Stealth.
   Introspection: Fighting and Spellcasting.
Magical Staves
 y - a staff of earth
Jewellery
 c - the cursed amulet of Vitality (around neck) {RegenMP++ Regen++, Self, Fort}
   (You bought it in a shop on level 12 of the Dungeon)

   [amulet of magic regeneration]

   It increases your rate of magic regeneration.
   Regen:     It increases your rate of health regeneration.
   It has a curse which improves the following skills: Introspection: Fighting
   and Spellcasting.
   Fortitude: Armour and Shields.
 q - the cursed ring "Thunder Perfect Mind" (left hand) {Wiz, Self, Fort}
   (You found it on level 3 of the Dungeon)

   [ring of wizardry]

   It improves your spell success rate.
   It has a curse which improves the following skills: Introspection: Fighting
   and Spellcasting.
   Fortitude: Armour and Shields.
 u - a ring of willpower (right hand)
Wands
 p - a wand of flame (30)
 t - a wand of iceblast (2)
 w - a wand of mindburst (7)
 A - a wand of digging (5)
 I - a wand of light (23)
Scrolls
 f - 14 scrolls of teleportation
 m - 4 scrolls of magic mapping
 o - 5 scrolls of poison
 E - 4 scrolls of blinking
 F - 4 scrolls of fear
 M - 3 scrolls of fog
 U - a scroll of summoning
Potions
 k - 3 potions of brilliance
 l - 2 potions of cancellation
 s - 6 potions of might
 v - 4 potions of ambrosia
 B - 3 potions of heal wounds
 C - 12 potions of curing
 D - 5 potions of resistance
 H - 5 potions of haste
 N - 3 potions of invisibility
Miscellaneous
 x - a box of beasts


   Skills:
 * Level 11.6(17.4) Fighting
 - Level 8.8(10.6) Long Blades
 * Level 6.7(9.5) Armour
 - Level 7.2(10.0) Dodging
 - Level 1.5(3.3) Stealth
 * Level 9.5(12.2) Shields
 + Level 17.0(22.6) Spellcasting


You knew the following spells:

 Your Spells              Type           Power      Damage    Failure   Level
a - Shock                 Conj/Air       100%       1d9       0%          1
b - Iskenderun's Battles  Conj           100%       2d15      0%          5
c - Wereblood             Tmut           100%       N/A       0%          2
d - Static Discharge      Conj/Air       100%       2-7/arc   0%          2
e - Slow                  Hex            100%       N/A       0%          1
f - Cause Fear            Hex            57%        N/A       0%          4
g - Summon Cactus Giant   Summ           57%        N/A       1%          6
h - Plasma Beam           Fire/Air       57%        2x1d80    1%          6
l - Summon Lightning Spi  Summ/Air       100%       N/A       0%          4
z - Airstrike             Air            57%        2d(9-25)  0%          4
A - Ozocubu's Armour      Ice            100%       N/A       0%          3
M - Swiftness             Air            100%       N/A       0%          3
Your spell library was empty.

Dungeon Overview and Level Annotations

Branches:
Dungeon (15/15)            Temple (1/1) D:6            Lair (5/5) D:8
  Swamp (0/4) Lair:2        Snake (1/4) Lair:2        Slime (0/5) Lair:5
    Orc (2/2) D:11            Elf (0/3) Orc:2        Vaults (0/5) D:14
 Depths (0/4) D:15          Sewer (visited)         Ossuary (visited)
  IceCv (visited)

Altars:
Ashenzari
Cheibriados
Dithmenos
Elyvilon
Fedhas
Gozag
Hepliaklqana
Makhleb
Nemelex Xobeh
Okawaru
Qazlal
Ru
Trog
Uskayaw
Wu Jian
Xom
Yredelemnul
Zin
The Shining One

Shops:
D:7 ?(**   D:12 **=*=   D:14 *   D:15 ?   Orc:2 [=?(

Portals:
Trove: D:11 (give +3 ice dragon scales)

Annotations:
D:4 Sigmund


Innate Abilities, Weirdness & Mutations

You are immune to sickness and miasma.
You are immune to poison.
Your flesh is very heat resistant. (rF++)
You are vulnerable to cold. (rC-)
You float through the air rather than walking.
You learn spells naturally, not from books.
Your magical power is your life essence.
You have superior vitality. (+4 MHP)


Message History

You block the salamander's attack.
Your cactus giant hits the naga but does no damage.
The naga is struck by your cactus giant's spines.
The naga hits your cactus giant with a +0 battleaxe!!!
The naga hits you from afar with a +0 glaive!!!
Your corrosive artefact corrodes you!
Unknown command.
The naga is struck by your cactus giant's spines.
The naga dies!
Your lightning spire shoots out a bolt of lightning at the salamander!
The bolt of electricity hits the salamander!!
Unknown command.
Your cactus giant is no longer moving slowly.
The naga warrior spits poison at you.
The splash of poison hits you but does no damage.
You resist.
Your lightning spire shoots out a bolt of lightning at the salamander!
The bolt of electricity hits the naga warrior!!
The bolt of electricity hits the salamander!!
The guardian serpent hits your lightning spire but does no damage.
The guardian serpent hits your lightning spire!
The naga warrior spits poison at you. You block the splash of poison.
Unknown command.
The guardian serpent casts a spell at you.
The naga warrior blinks! x2; The salamander blinks!
The naga blinks into view!
Unknown command.
As you read the scroll of teleportation, it crumbles to dust.
You feel strangely unstable.
You radiate an aura of cold.
The naga warrior seems to slow down.
The salamander seems to slow down.
The naga warrior seems to slow down.
The naga seems to slow down.
Your lightning spire is unaffected.
The guardian serpent seems to slow down.
The salamander hits you with a +0 spear.
You are engulfed in flames.
You resist.
The naga warrior hits you with a +0 halberd!!!
The naga warrior barely misses you. The naga hits you with a +0 glaive!!!
* * * LOW HITPOINT WARNING * * *
The naga grabs you. The naga constricts you!
You die...

,* *. *##.# #.#.........#.. *
*#.##..#### ###........#### *,,
* #.......# ##.........###. ,
*##....### ##.........###.. ,
#.....####..##.....###...
,,,,,#.####..##...####...##....
, ..#* ###..)..# ##...#.... ,
...* ##NN..# ##....... ..>
#@N..# #....... * ..
#########.N..# ####...##.. **,
,,.......N.....###.........# *
,,.....................##.## ,
....).C..#...>...###....# , ,
§...C§§.###.......[..).## ,
,.)...S8## #......###...#** ,
,,......#* #.......##..#..# *,
,....##** #.#.....##.####.


You could see 2 naga warriors, a salamander (strong, slow), a guardian serpent
(slow, ally target), a naga (strong, slow), a friendly cactus giant (summoned)
and a friendly lightning spire (summoned).

Vanquished Creatures
  Kirke (Lair:3)
  A reaper (IceCv)
  Nessos (Lair:5)
  Azrael (Snake:1)
  An ettin (D:15)
  Josephine (Lair:5)
  A rakshasa (D:15)
  9 hydras
  2 centaur warriors
  A boulder beetle (D:13)
  A two-headed ogre (D:14)
  A naga warrior (Snake:1)
  A tengu warrior (D:15)
  3 orc high priests (Orc:2)
  A deep elf knight (D:11)
  A naga sharpshooter (Snake:1)
  3 skeletal warriors
  A skyshark (Lair:5)
  2 deep trolls
  Pikel (D:5)
  A flayed ghost (D:11)
  2 wizards
  A deep elf archer (D:11)
  2 necromancers
  2 orc knights (Orc:2)
  3 deep elf pyromancers
  7 ugly things
  6 orc sorcerers (Orc:2)
  6 cyclopes
  2 manticores
  3 elephants
  4 black mambas
  Maurice (D:13)
  A gargoyle (D:12)
  An ice statue (IceCv)
  A torpor snail (Lair:5)
  Maggie (D:6)
  8 cane toads
  An unseen horror (D:10)
  A kobold demonologist (D:10)
  4 ice devils (IceCv)
  2 komodo dragons (Lair:1)
  6 trolls
  5 polar bears
  Grinder (D:5)
  7 hornets
  5 dream sheep (Lair:5)
  4 blink frogs
  5 slime creatures
  12 spriggans (Lair:5)
  A vampire (D:13)
  A shadow (D:10)
  6 water elementals (D:14)
  A dire elephant simulacrum (IceCv)
  29 yaks
  7 basilisks
  Eustachio (D:5)
  A golden eye (shapeshifter) (D:15)
  3 wyverns
  5 wraiths
  A steam dragon (shapeshifter) (D:14)
  A redback (D:11)
  A death yak simulacrum (IceCv)
  4 steam dragons
  3 vampire mosquitoes (D:11)
  2 wargs
  7 nagas (Snake:1)
  A swamp worm (Lair:2)
  16 water moccasins
  A hell hound (Snake:1)
  A hydra simulacrum (IceCv)
  A sky beast (D:7)
  4 black bears
  3 ice beasts
  10 orc warriors
  A hornet zombie (Ossuary)
  6 ogres
  3 boggarts (Lair:5)
  28 wolves
  4 centaurs
  A kobold brigand (D:9)
  2 lemures (D:5)
  A phantom (D:6)
  Blork the orc (D:6)
  15 bullfrogs
  2 water moccasin zombies (Ossuary)
  2 wyvern zombies (Ossuary)
  4 two-headed ogre simulacra (IceCv)
  5 wights
  An elephant simulacrum (IceCv)
  7 electric eels
  3 bullfrog zombies (Ossuary)
  2 centaur zombies (Ossuary)
  5 hounds
  6 jellies
  13 orc priests
  3 iguanas
  20 orc wizards
  4 hell rats (Lair:2)
  2 spriggan simulacra (IceCv)
  2 troll simulacra (IceCv)
  3 killer bee zombies (Ossuary)
  2 polar bear simulacra (IceCv)
  2 wolf simulacra (IceCv)
  13 mummies (Ossuary)
  A howler monkey zombie (Ossuary)
  10 gnolls
  15 adders
  2 shadow imps
  3 white imps
  3 ufetubi
  A worm (D:5)
  2 dart slugs
  47 orcs
  13 endoplasms
  10 giant cockroaches
  6 goblins
  10 hobgoblins
  9 jackals
  7 quokkas
  14 ball pythons
  6 bats
  18 frilled lizards
  14 kobolds
  5 rats
609 creatures vanquished.

Vanquished Creatures (collateral kills)
  Jorgrun (Snake:1)
  Gastronok (D:12)
  A fire giant (D:11)
  Aizul (Snake:1)
  An ettin (Orc:2)
  A hydra (Lair:3)
  A death knight (D:13)
  An ogre mage (D:11)
  A naga warrior (Snake:1)
  4 centaur warriors
  A tengu warrior (D:14)
  A deep troll earth mage (D:11)
  3 skeletal warriors (D:14)
  A skyshark (Lair:4)
  4 orc knights
  5 ugly things
  4 cyclopes
  An orc sorcerer (Orc:2)
  An ice statue (IceCv)
  8 elephants
  A naga mage (Snake:1)
  6 black mambas
  2 cane toads (Lair:1)
  A freezing wraith (D:15)
  3 ice devils (IceCv)
  4 komodo dragons
  A hornet (Lair:5)
  A polar bear (Lair:5)
  6 blink frogs
  3 dream sheep (Lair:5)
  13 slime creatures
  A wyvern (Lair:4)
  3 spriggans (Lair:5)
  A vampire (D:13)
  25 yaks
  2 hogs (Lair:3)
  9 vampire mosquitoes
  A swamp worm (Lair:2)
  3 nagas (Snake:1)
  6 water moccasins
  3 hell hounds (Snake:1)
  A hydra simulacrum (IceCv)
  8 orc warriors
  11 wolves
  A bullfrog (D:9)
  A two-headed ogre simulacrum (IceCv)
  2 wights
  An elephant simulacrum (IceCv)
  2 jellies (Lair:5)
  A gnoll bouda (D:7)
  An orc priest (Orc:2)
  2 orc wizards (Orc:2)
  A troll simulacrum (IceCv)
  2 hell rats (Lair:2)
  A spriggan simulacrum (IceCv)
  2 gnolls
  A naga simulacrum (IceCv)
  10 orcs
  5 kobolds (D:9)
190 creatures vanquished.

Vanquished Creatures (others)
  A human (Lair:3)
1 creature vanquished.

Grand Total: 800 creatures vanquished

Notes
Turn   | Place    | Note
-------+----------+-------------------------------------------
     0 | D:1      | Banquo the Djinni Air Elementalist began the quest for the
                  | Orb.
     0 | D:1      | Banquo set off with the following spells memorised: Shock,
                  | Static Discharge, Swiftness, Airstrike.
     0 | D:1      | Reached XP level 1. HP: 15/15 MP: 0/0
   205 | D:1      | Found a faded altar of an unknown god.
   262 | D:1      | Reached XP level 2. HP: 20/22 MP: 0/0
   755 | D:1      | Reached skill level 1 in Fighting
   755 | D:1      | Reached skill level 3 in Spellcasting
   755 | D:1      | Reached XP level 3. HP: 22/27 MP: 0/0
   755 | D:1      | Learned a level 1 spell: Slow
  2157 | D:3      | Reached XP level 4. HP: 29/32 MP: 0/0
  2406 | D:3      | Reached XP level 5. HP: 35/38 MP: 0/0
  2406 | D:3      | Learned a level 2 spell: Wereblood
  2598 | D:3      | Reached skill level 4 in Spellcasting
  2764 | D:3      | Found a hide-covered altar of Uskayaw.
  3499 | D:4      | Noticed an ogre
  3567 | D:4      | Killed an ogre
  3568 | D:4      | Reached XP level 6. HP: 31/45 MP: 0/0
  3822 | D:4      | Noticed a black bear
  3824 | D:4      | Killed a black bear
  3825 | D:4      | Reached skill level 5 in Spellcasting
  3825 | D:4      | Reached XP level 7. HP: 41/49 MP: 0/0
  3825 | D:4      | Learned a level 3 spell: Ozocubu's Armour
  3872 | D:4      | Noticed Sigmund
  4339 | D:4      | Found the +7 Throatcutter {drain, coup de grace}
  4741 | D:5      | Entered Level 5 of the Dungeon
  4865 | D:5      | Noticed Pikel
  4928 | D:5      | Noticed Grinder
  4945 | D:5      | Paralysed by Grinder for 3 turns
  4968 | D:5      | Paralysed by Grinder for 5 turns
  5030 | D:5      | Noticed Eustachio
  5051 | D:5      | Killed Eustachio
  5052 | D:5      | Reached skill level 6 in Spellcasting
  5052 | D:5      | Reached XP level 8. HP: 3/56 MP: 0/0
  5395 | D:5      | Found a glowing drain.
  5465 | Sewer    | Entered a sewer
  6296 | Sewer    | Identified the +7 scimitar of the Lusting Lamprey {speed,
                  | rC+}
  6402 | D:5      | Killed Pikel
  6403 | D:5      | Reached skill level 1 in Long Blades
  6403 | D:5      | Reached skill level 7 in Spellcasting
  6403 | D:5      | Reached XP level 9. HP: 12/63 MP: 0/0
  6403 | D:5      | Learned a level 4 spell: Summon Lightning Spire
  6681 | D:5      | Killed Grinder
  6954 | D:5      | Upgraded the game from 0.30.0-10-gfe55d96785 to
                  | 0.30.0-12-gd5a94ecb5d
  6976 | D:6      | Reached skill level 5 in Dodging
  7133 | D:6      | Reached skill level 8 in Spellcasting
  7283 | D:6      | Noticed Blork the orc
  7286 | D:6      | Killed Blork the orc
  7287 | D:6      | Reached skill level 5 in Fighting
  7397 | D:6      | Found a sand-covered staircase.
  7429 | Ossuary  | Entered an ossuary
  7503 | Ossuary  | Reached XP level 10. HP: 57/70 MP: 0/0
  8332 | D:6      | Found a staircase to the Ecumenical Temple.
  8336 | D:6      | Noticed Maggie
  8350 | D:6      | Killed Maggie
  8371 | Temple   | Entered the Ecumenical Temple
  8410 | Temple   | Became a worshipper of Ashenzari the Shackled
  8775 | D:6      | Reached skill level 9 in Spellcasting
  9083 | D:7      | Found Qerotena's Book Emporium.
  9170 | D:7      | Found Eqyabru's Assorted Antiques.
  9174 | D:7      | Bought a scroll labelled DOISAT VAELIOT for 26 gold pieces
  9174 | D:7      | Bought a lumpy purple potion for 23 gold pieces
  9218 | D:7      | Found Rewkippa's Magic Scroll Emporium.
  9226 | D:7      | Bought a scroll of blinking for 105 gold pieces
  9254 | D:7      | Found Hoppara's Weapon Shoppe.
  9394 | D:7      | Found Vywy's General Store.
  9494 | D:7      | Identified the +4 ring mail of Teahiug {rPois Will+}
  9590 | D:7      | Found a hazy altar of Hepliaklqana.
  9590 | D:7      | Found a snail-covered altar of Cheibriados.
  9591 | D:7      | Found a bloodstained altar of Trog.
  9596 | D:7      | Found a glowing golden altar of the Shining One.
  9596 | D:7      | Found a shimmering altar of Xom.
  9776 | D:7      | Found a basalt altar of Yredelemnul.
 10250 | D:8      | Reached skill level 1 in Armour
 10256 | D:8      | Reached XP level 11. HP: 63/78 MP: 0/0
 10256 | D:8      | Learned a level 4 spell: Cause Fear
 10596 | D:8      | Found a staircase to the Lair.
 10686 | D:8      | Reached skill level 10 in Spellcasting
 10696 | D:8      | Reached skill level 5 in Long Blades
 10765 | D:8      | Reached * piety under Ashenzari
 10933 | D:8      | Found a staircase to the Lair.
 11645 | D:9      | Reached skill level 1 in Shields
 12077 | D:9      | Reached ** piety under Ashenzari
 12848 | Lair:1   | Entered Level 1 of the Lair of Beasts
 12848 | Lair:1   | Noticed an elephant
 12848 | Lair:1   | Noticed an elephant
 12848 | Lair:1   | Noticed an elephant
 12849 | Lair:1   | Noticed an elephant
 12851 | Lair:1   | Noticed an elephant
 12852 | Lair:1   | Noticed an elephant
 12858 | Lair:1   | Killed an elephant
 12980 | D:8      | Killed an elephant
 13002 | D:8      | Killed an elephant
 13048 | Lair:1   | Killed an elephant
 13051 | Lair:1   | Killed an elephant
 13052 | Lair:1   | Reached XP level 12. HP: 47/88 MP: 0/0
 13131 | Lair:1   | Reached skill level 11 in Spellcasting
 13342 | Lair:1   | Noticed a five-headed hydra
 13349 | Lair:1   | Killed a five-headed hydra
 13372 | Lair:1   | Reached *** piety under Ashenzari
 13594 | Lair:1   | Noticed an eight-headed hydra
 13599 | Lair:1   | Killed an eight-headed hydra
 14488 | Lair:2   | Noticed a four-headed hydra
 14494 | Lair:2   | Killed a four-headed hydra
 14495 | Lair:2   | Reached skill level 5 in Armour
 14546 | Lair:2   | Reached skill level 12 in Spellcasting
 14706 | Lair:2   | Reached XP level 13. HP: 89/99 MP: 0/0
 14706 | Lair:2   | Learned a level 5 spell: Iskenderun's Battlesphere
 14994 | Lair:2   | Found a staircase to the Snake Pit.
 15485 | Lair:2   | Found a staircase to the Swamp.
 15641 | Lair:2   | Found a staircase to the Snake Pit.
 15802 | Lair:2   | Found a staircase to the Swamp.
 16553 | Lair:3   | Noticed Kirke
 16585 | Lair:3   | Noticed an eight-headed hydra
 16741 | Lair:3   | Noticed a five-headed hydra
 16838 | Lair:3   | Killed an eight-headed hydra
 16839 | Lair:3   | Reached skill level 5 in Shields
 16920 | Lair:3   | Killed a five-headed hydra
 17084 | Lair:3   | Killed Kirke
 17386 | Lair:3   | Noticed a seven-headed hydra
 17389 | Lair:3   | Killed a seven-headed hydra
 17772 | Lair:4   | Found a frozen archway.
 17797 | IceCv    | Entered an ice cave
 17842 | IceCv    | Reached skill level 13 in Spellcasting
 18641 | IceCv    | Noticed a reaper
 18647 | IceCv    | Killed a reaper
 18694 | IceCv    | Reached XP level 14. HP: 98/108 MP: 0/0
 18715 | IceCv    | Found the +4 skin of Zhor {*Englaciate rC+++ SInv}
 19730 | Lair:5   | Entered Level 5 of the Lair of Beasts
 19866 | Lair:5   | Identified the +9 dagger of Peischiow {flame, rC+ rCorr
                  | Str+3 Int+3}
 20029 | Lair:5   | Found a staircase to the Slime Pits.
 20132 | Lair:5   | Reached skill level 14 in Spellcasting
 20399 | Lair:5   | Noticed Nessos
 20402 | Lair:5   | Killed Nessos
 20797 | Lair:5   | Noticed Josephine
 20802 | Lair:5   | Killed Josephine
 20808 | Lair:5   | Reached XP level 15. HP: 49/114 MP: 0/0
 20808 | Lair:5   | Learned a level 6 spell: Summon Cactus Giant
 21667 | Lair:5   | Reached skill level 10 in Fighting
 21882 | Lair:5   | Found a staircase to the Slime Pits.
 22711 | D:10     | Entered Level 10 of the Dungeon
 23773 | D:11     | Identified the +3 pair of gloves of Compression {rF+++ rN+
                  | Int+6 Dex-2}
 24288 | D:11     | Identified the +5 dagger of Gallantry {vamp, *Corrode rElec
                  | Int+4}
 24468 | D:11     | Found a portal to a secret trove of treasure.
 24475 | D:11     | Reached skill level 15 in Spellcasting
 24649 | D:11     | Found a staircase to the Orcish Mines.
 24762 | D:11     | Noticed a fire giant
 24766 | D:11     | Killed a fire giant
 25632 | D:11     | Found a staircase to the Orcish Mines.
 25698 | D:11     | Found a portal to a secret trove of treasure.
 25989 | D:12     | Found Sirureep's General Store.
 26007 | D:12     | Found Leinit's General Store.
 26279 | D:12     | Found Nesuaj's Jewellery Boutique.
 26395 | D:12     | Found Vealyerr's Assorted Antiques.
 26407 | D:12     | Found Wiemopt's Jewellery Shop.
 26440 | D:12     | Bought a scroll labelled DULEING JA ESS for 21 gold pieces
 26496 | D:12     | Noticed Gastronok
 26517 | D:12     | Killed Gastronok
 26915 | D:12     | Found Nesuaj's Jewellery Boutique.
 26955 | D:12     | Found Leinit's General Store.
 26973 | D:12     | Found Sirureep's General Store.
 27202 | D:12     | Found Vealyerr's Assorted Antiques.
 27214 | D:12     | Found Wiemopt's Jewellery Shop.
 27505 | Orc:1    | Entered Level 1 of the Orcish Mines
 27870 | Orc:2    | Entered Level 2 of the Orcish Mines
 28191 | Orc:2    | Found a staircase to the Elven Halls.
 28881 | Orc:2    | Reached XP level 16. HP: 83/123 MP: 0/0
 28952 | Orc:2    | Found Leoj Idyu's Antique Armour Shop.
 28952 | Orc:2    | Found Guawnohe's Antique Weapon Shoppe.
 28955 | Orc:2    | Found Muzuig's Jewellery Shop.
 28955 | Orc:2    | Found Leimiu's Magic Scroll Shoppe.
 29118 | Orc:2    | Found Leoj Idyu's Antique Armour Shop.
 29118 | Orc:2    | Found Guawnohe's Antique Weapon Shoppe.
 29120 | Orc:2    | Found Leimiu's Magic Scroll Shoppe.
 29120 | Orc:2    | Found Muzuig's Jewellery Shop.
 29280 | Orc:2    | Found a staircase to the Elven Halls.
 29762 | D:12     | Bought the amulet of Vitality {RegenMP++ Regen++} for 1700
                  | gold pieces
 29762 | D:12     | Found the amulet of Vitality {RegenMP++ Regen++}
 30260 | D:13     | Reached skill level 16 in Spellcasting
 30279 | D:13     | Noticed Maurice
 30287 | D:13     | Killed Maurice
 31740 | D:14     | Identified the +1 ring mail of the Bard {rN+ Will+ Dex+5}
 31860 | D:14     | Found Zafabrabo's General Store.
 32390 | D:14     | Found a gate to the Vaults.
 32583 | D:15     | Entered Level 15 of the Dungeon
 32728 | D:15     | Found a staircase to the Depths.
 33001 | D:15     | Reached **** piety under Ashenzari
 33529 | D:15     | Found The Oracle's Delphic Readings.
 33560 | D:15     | Found The Oracle's Delphic Readings.
 33641 | D:15     | Found a staircase to the Depths.
 34457 | Snake:1  | Entered Level 1 of the Snake Pit
 34469 | Snake:1  | Noticed Azrael
 34478 | Snake:1  | Killed Azrael
 34522 | Snake:1  | Upgraded the game from 0.30.0-12-gd5a94ecb5d to
                  | 0.30.0-15-g856e2d3f33
 34580 | Snake:1  | Noticed Aizul
 34586 | Snake:1  | Killed Aizul
 34587 | Snake:1  | Reached XP level 17. HP: 122/136 MP: 0/0
 34587 | Snake:1  | Learned a level 6 spell: Plasma Beam
 34589 | Snake:1  | Reached skill level 17 in Spellcasting
 34683 | Snake:1  | Noticed Jorgrun
 34690 | Snake:1  | Killed Jorgrun
 34818 | Snake:1  | Constricted to death by a naga

Illustrated notes

Levels and vault maps discovered:
D:1:      matt_arrival_grand_opening, layout_basic, serial_co_window_serial,
          co_window_paths_a, co_window_paths_b, co_window_corner_a,
          co_window_paths_b, co_window_corner_a, co_window_paths_b,
          co_window_paths_b, co_window_unsneaky_path_d, co_window_broadway_b,
          co_window_corner_cb, co_window_4corner_b, glass_columns_c,
          nicolae_ecumenical_lake_church, interstate_on_off
D:2:      layout_basic
D:3:      minmay_thinvault, layout_basic, mainiacjoe_overflow_surrounded_room
D:4:      layout_loops_cross, dilly_guarded_unrand_throatcut, uniq_sigmund
D:5:      layout_loops_ring, portal_sewer_entry_d, uniq_eustachio, uniq_pikel,
          uniq_grinder
D:6:      layout_cave_pods, minmay_temple_entry_crystal_x,
          lightli_ossuary_entry_decrepit_ruins, minmay_between, uniq_maggie,
          uniq_blork_the_orc
D:7:      layout_basic, grunt_temple_overflow_open,
          nicolae_overflow_hidden_temple, serial_shops, shop, shop, shop,
          nicolae_book_shop_shelving, nicolae_shop_tiny_glass,
          kennysheep_generic_room_16
D:8:      layout_basic, david_lair_shrubbed, nrook_campfire
D:9:      layout_loops_cross
D:10:     layout_basic
D:11:     minmay_tile_spiral, layout_loops_cross, orc_0_dummy, enter_trove_6
D:12:     layout_loops_ring, serial_shops, nicolae_shop_behind_doors,
          nicolae_square_shop, nicolae_shop_gaudy_bauble, nicolae_shop_crystal,
          shop, uniq_gastronok
D:13:     minmay_skewed_foursquare, layout_basic, kennysheep_decorative_pillar,
          uniq_maurice
D:14:     layout_basic, david_vaults_1, serial_shops, shop
D:15:     hangedman_depths_entry_civil_slaughter, layout_rooms,
          nicolae_hexahallways, hangedman_abyss_or_decor_slice,
          dk_noncrumbling_4, nicolae_nh_oracle_at_delphi
Temple:   hellmonk_temple_of_storms
Lair:1:   layout_regular_city, beast_lair_carwin_9
Lair:2:   layout_loops_ring, nicolae_swamp_entry_splash_gauntlet,
          minmay_snake_entry_six_corridors, serial_bayou_ford_a,
          serial_bayou_lagoon_b
Lair:3:   layout_regular_city, infiniplex_staircase_pool, grunt_megastairs_2,
          uniq_kirke
Lair:4:   layout_regular_city, portal_ice_cave_entry_pillars_2
Lair:5:   minmay_lair_end_enchanted_forest, layout_small_grid,
          nicolae_slime_entry_slimehenge, wad_woods_road_06,
          chequers_serial_rivers_small_3, ldierk_geyser,
          hangedman_lair_unloving_vines, uniq_nessos, uniq_josephine
Snake:1:  gammafunk_sealed_library, layout_chambers, uniq_roxanne, uniq_aizul,
          uniq_louise, uniq_jorgrun, uniq_azrael
Orc:1:    layout_diamond_mine
Orc:2:    grunt_orc_tribal_feast, layout_caves, basic_altar

Skill      XL: |  1  2  3  4  5  6  7  8  9 10 11 12 13 14 15 16 17 |
---------------+----------------------------------------------------+-----
Fighting       | 1 2 3 4 5 6 7 8 9 10 11 | 11.6
Spellcasting   | 3 4 5 6 7 8 9 10 12 13 14 15 16 17 | 17.0
Dodging        | 3 4 5 6 7 |  7.2
Long Blades    | 1 2 4 5 6 7 8 |  8.8
Armour         | 1 3 5 6 |  6.7
Shields        | 2 4 5 7 8 9 |  9.5
Stealth        | |  1.5

Action                     |  1- 3 |  4- 6 |  7- 9 | 10-12 | 13-15 | 16-18 || total
---------------------------+-------+-------+-------+-------+-------+-------++-------
  Melee: Long sword        |       |       |     2 |       |       |       ||     2
         Scimitar          |       |       |    17 |    42 |    11 |       ||    70
         Punch             |       |       |       |     1 |       |       ||     1
   Cast: Shock             |    79 |    85 |    29 |    10 |     1 |       ||   204
         Airstrike         |       |     8 |   130 |   258 |   551 |   191 ||  1138
         Static Discharge  |       |       |     2 |     5 |     5 |       ||    12
         Swiftness         |       |       |     2 |     3 |     3 |       ||     8
         Summon Lightning  |       |       |     1 |    40 |   115 |    33 ||   189
         Iskenderun's Batt |       |       |       |       |    63 |    34 ||    97
         Summon Cactus Gia |       |       |       |       |    58 |    42 ||   100
 Invoke: Curse Item        |       |       |       |     4 |     1 |     4 ||     9
         Shatter the Chain |       |       |       |       |     1 |     2 ||     3
    Use: Scroll            |       |       |       |    10 |       |     1 ||    11
   Stab: Distracted        |       |       |       |     1 |       |       ||     1
 Armour: Robe              |     5 |     2 |     8 |     8 |       |       ||    23
         Steam dragon scal |       |       |       |     2 |       |       ||     2
         Ring mail         |       |       |       |    32 |    42 |     2 ||    76
         Animal skin       |       |       |       |       |       |     1 ||     1
  Dodge: Dodged            |     5 |    22 |    51 |    58 |    44 |     8 ||   188
  Block: Kite shield       |       |       |       |    25 |    60 |    16 ||   101
